BSA
FRESNO DEPLORABLES @ EL DORADO OILERS
04/25/2028
 
TOP OF THE 1ST
Fresno Deplorables batting - Pitching for El Dorado Oilers : RHP Jeffrey Stephens
Pitching: RHP Jeffrey Stephens
Batting: RHB Dani Vázquez 0-0: Called Strike
0-1: SINGLE (Groundball, 6) (infield hit)
Batting: LHB Paul Mullins 0-0: SINGLE (Groundball, 6D)
Dani Vázquez to second
Batting: LHB Jeff Daniels 0-0: Swinging Strike
0-1: SINGLE (Groundball, 4MD)
Dani Vázquez to third
Paul Mullins to second
Runner from 3rd tries for Home, SAFE, throw made home
Batting: RHB Paco Arellano 0-0: SINGLE (Groundball, 56S) (infield hit)
Paul Mullins to third
Jeff Daniels to second
Batting: LHB Keith Beard 0-0: Called Strike
0-1: Fly out, F8 (Flyball, 8RD)
Runner from 3rd tags up, SCORES, no throw
Batting: LHB Nick Scott 0-0: Ball
1-0: Called Strike
1-1: Ball
2-1: Called Strike
2-2: Ball
3-2: Strikes out swinging
Batting: RHB Jim Edgar 0-0: Ball
1-0: Ball
2-0: Fielders Choice at 2nd, 4-6 (Groundball, 34)
Top of the 1st over - 2 run(s), 4 hit(s), 0 error(s), 1 left on base; Fresno 2 - El Dorado 0
BOTTOM OF THE 1ST
El Dorado Oilers batting - Pitching for Fresno Deplorables : RHP Dionisio Penni
Pitching: RHP Dionisio Penni
Batting: RHB José Montoya 0-0: Ball
1-0: Called Strike
1-1: Called Strike
1-2: Strikes out swinging
Batting: LHB Ashley Pickhills 0-0: Swinging Strike
0-1: Ball
1-1: Called Strike
1-2: Ball
2-2: Foul Ball, location: 2F
2-2: Ground out 5-3 (Groundball, 56S)
Batting: LHB Al Gaines 0-0: Called Strike
0-1: SINGLE (Groundball, 4MD)
Batting: RHB Valentín Borges 0-0: Ball
1-0: SINGLE (Groundball, 6D)
Al Gaines to second
Batting: LHB José Hernández 0-0: Called Strike
0-1: Ground out U3 (Groundball, 34)
Bottom of the 1st over - 0 run(s), 2 hit(s), 0 error(s), 2 left on base; Fresno 2 - El Dorado 0
TOP OF THE 2ND
Fresno Deplorables batting - Pitching for El Dorado Oilers : RHP Jeffrey Stephens
Batting: RHB R.J. Parker 0-0: Called Strike
0-1: Foul Ball, location: 2F
0-2: Ball
1-2: Foul Ball, location: 2F
1-2: Ball
2-2: Strikes out looking
Batting: LHB Jeff Doss 0-0: Swinging Strike
0-1: Called Strike
0-2: Strikes out swinging
Batting: RHB Dani Vázquez 0-0: Ball
1-0: Ball
2-0: Ground out 6-3 (Groundball, 6M)
Top of the 2nd over - 0 run(s), 0 hit(s), 0 error(s), 0 left on base; Fresno 2 - El Dorado 0
BOTTOM OF THE 2ND
El Dorado Oilers batting - Pitching for Fresno Deplorables : RHP Dionisio Penni
Batting: RHB Sixto Vélez 0-0: Called Strike
0-1: Foul Ball, location: 2F
0-2: Ball
1-2: Strikes out swinging
Batting: SHB Anastasio Ortíz 0-0: Foul Ball, location: 2F
0-1: Ball
1-1: Foul Ball, location: 2F
1-2: SINGLE (Line Drive, 78M)
Batting: RHB José Carlos Caraballo 0-0: Ball
1-0: Called Strike
1-1: SINGLE (Groundball, 56D)
Anastasio Ortíz to second
Batting: RHB Chris Parker 0-0: Called Strike
Anastasio Ortíz steals 3rd base
José Carlos Caraballo to second
0-1: Swinging Strike
0-2: Ball
1-2: Strikes out swinging
Batting: RHB José Montoya 0-0: Ball
1-0: Called Strike
1-1: Swinging Strike
1-2: Strikes out swinging
Bottom of the 2nd over - 0 run(s), 2 hit(s), 0 error(s), 2 left on base; Fresno 2 - El Dorado 0
TOP OF THE 3RD
Fresno Deplorables batting - Pitching for El Dorado Oilers : RHP Jeffrey Stephens
Batting: LHB Paul Mullins 0-0: Ball
1-0: Foul Ball, location: 2F
1-1: SINGLE (Groundball, 34D)
Batting: LHB Jeff Daniels 0-0: Swinging Strike
0-1: Foul Ball, location: 2F
0-2: Ball
1-2: Ball
2-2: Ball
3-2: Base on Balls
Paul Mullins to second
Batting: RHB Paco Arellano 0-0: Ball
1-0: Ball
2-0: Ball
3-0: Base on Balls
Paul Mullins to third
Jeff Daniels to second
Batting: LHB Keith Beard 0-0: SINGLE (Groundball, 4D)
Paul Mullins scores
Jeff Daniels to third
Paco Arellano to second
Batting: LHB Nick Scott 0-0: Foul Ball, location: 2F
0-1: Foul Ball, location: 2F
0-2: Fly out, F8 (Flyball, 8RS)
Runner from 3rd tags up, SCORES, no throw
Batting: RHB Jim Edgar 0-0: Ball
1-0: Ball
2-0: Ball
3-0: Called Strike
3-1: Grounds into double play, 6-4-3 (Groundball, 6)
Top of the 3rd over - 2 run(s), 2 hit(s), 0 error(s), 1 left on base; Fresno 4 - El Dorado 0
BOTTOM OF THE 3RD
El Dorado Oilers batting - Pitching for Fresno Deplorables : RHP Dionisio Penni
Batting: LHB Ashley Pickhills 0-0: Foul Ball, location: 2F
0-1: Ball
1-1: Ground out U3 (Groundball, 34)
Batting: LHB Al Gaines 0-0: Ball
1-0: Ground out 3-1 (Groundball, 34)
Batting: RHB Valentín Borges 0-0: Ball
1-0: Fly out, F9 (Flyball, 9LSF)
Bottom of the 3rd over - 0 run(s), 0 hit(s), 0 error(s), 0 left on base; Fresno 4 - El Dorado 0
TOP OF THE 4TH
Fresno Deplorables batting - Pitching for El Dorado Oilers : RHP Jeffrey Stephens
Batting: RHB R.J. Parker 0-0: Ball
1-0: Ball
2-0: Ball
3-0: Swinging Strike
3-1: Foul Ball, location: 2F
3-2: Foul Ball, location: 2F
3-2: Ground out 4-3 (Groundball, 4)
Batting: LHB Jeff Doss 0-0: Ground out 3-1 (Groundball, 34S)
Batting: RHB Dani Vázquez 0-0: SINGLE (Line Drive, 7LM)
Batting: LHB Paul Mullins 0-0: Ball
1-0: Fielders Choice at 2nd, 4-6 (Groundball, 4)
Top of the 4th over - 0 run(s), 1 hit(s), 0 error(s), 0 left on base; Fresno 4 - El Dorado 0
BOTTOM OF THE 4TH
El Dorado Oilers batting - Pitching for Fresno Deplorables : RHP Dionisio Penni
Batting: LHB José Hernández 0-0: SOLO HOME RUN (Flyball, 89XD), Distance : 390 ft
Batting: RHB Sixto Vélez 0-0: Ball
1-0: Called Strike
1-1: Ball
2-1: Ball
3-1: SINGLE (Line Drive, 4M)
Batting: SHB Anastasio Ortíz 0-0: Called Strike
0-1: Ball
1-1: Swinging Strike
1-2: Fly out, F8 (Flyball, 8LD)
Batting: RHB José Carlos Caraballo 0-0: Ball
1-0: Grounds into double play, 5-4-3 (Groundball, 5L)
Bottom of the 4th over - 1 run(s), 2 hit(s), 0 error(s), 0 left on base; Fresno 4 - El Dorado 1
TOP OF THE 5TH
Fresno Deplorables batting - Pitching for El Dorado Oilers : RHP Jeffrey Stephens
Batting: LHB Jeff Daniels 0-0: Ball
1-0: Ball
2-0: SOLO HOME RUN (Flyball, 89XD), Distance : 451 ft
Batting: RHB Paco Arellano 0-0: Ball
1-0: Foul Ball, location: 2F
1-1: Foul Ball, location: 2F
1-2: SINGLE (Flyball, 89S)
Batting: LHB Keith Beard 0-0: Foul Ball, location: 2F
0-1: Foul Ball, location: 2F
0-2: Fly out, F9 (Line Drive, 9)
Batting: LHB Nick Scott 0-0: Called Strike
0-1: Ball
1-1: Ball
2-1: Called Strike
2-2: Ball
3-2: Base on Balls
Paco Arellano to second
Batting: RHB Jim Edgar 0-0: Ball
1-0: Ball
2-0: Ball
3-0: Called Strike
3-1: Base on Balls
Paco Arellano to third
Nick Scott to second
Batting: RHB R.J. Parker 0-0: Ball
1-0: Swinging Strike
1-1: Ground out 4-3 (Groundball, 4MS)
Paco Arellano scores
Nick Scott to third
Jim Edgar to second
Pitching: RHP Pete Cook
Batting: LHB Jeff Doss 0-0: Called Strike
0-1: Ball
1-1: Foul Ball, location: 2F
1-2: Foul Ball, location: 2F
1-2: Ball
2-2: Foul Ball, location: 2F
2-2: Foul Ball, location: 2F
2-2: Ball
3-2: Strikes out looking
Top of the 5th over - 2 run(s), 2 hit(s), 0 error(s), 2 left on base; Fresno 6 - El Dorado 1
BOTTOM OF THE 5TH
El Dorado Oilers batting - Pitching for Fresno Deplorables : RHP Dionisio Penni
Batting: RHB Chris Parker 0-0: Ball
1-0: Foul Ball, location: 2F
1-1: Single, Error in OF, E7, batter to second base
Batting: RHB José Montoya 0-0: Called Strike
0-1: Ground out 6-3 (Groundball, 6)
Chris Parker to third
Batting: LHB Ashley Pickhills 0-0: Swinging Strike
0-1: Ball
1-1: Fly out, F9 (Line Drive, 9)
Runner from 3rd tags up, SCORES, no throw
Batting: LHB Al Gaines 0-0: Fly out, F8 (Flyball, 8LM)
Bottom of the 5th over - 1 run(s), 1 hit(s), 1 error(s), 0 left on base; Fresno 6 - El Dorado 2
TOP OF THE 6TH
Fresno Deplorables batting - Pitching for El Dorado Oilers : RHP Pete Cook
Batting: RHB Dani Vázquez 0-0: Ball
1-0: Swinging Strike
1-1: Foul Ball, location: 2F
1-2: Foul Ball, location: 2F
1-2: Foul Ball, location: 2F
1-2: Foul Ball, location: 2F
1-2: Ball
2-2: Ball
3-2: Foul Ball, location: 2F
3-2: Foul Ball, location: 2F
3-2: Foul Ball, location: 2F
3-2: Ground out 6-3 (Groundball, 6S)
Batting: LHB Paul Mullins 0-0: Swinging Strike
0-1: Ball
1-1: Ball
2-1: Foul Ball, location: 2F
2-2: Strikes out swinging
Batting: LHB Jeff Daniels 0-0: Ball
1-0: Called Strike
1-1: Ball
2-1: SOLO HOME RUN (Flyball, 9LD), Distance : 349 ft
Batting: RHB Paco Arellano 0-0: Called Strike
0-1: Swinging Strike
0-2: Fly out, F2 (Popup, 56S)
Top of the 6th over - 1 run(s), 1 hit(s), 0 error(s), 0 left on base; Fresno 7 - El Dorado 2
BOTTOM OF THE 6TH
El Dorado Oilers batting - Pitching for Fresno Deplorables : RHP Dionisio Penni
Batting: RHB Valentín Borges 0-0: Called Strike
0-1: Foul Ball, location: 2F
0-2: Ground out 6-3 (Groundball, 6)
Batting: LHB José Hernández 0-0: Ball
1-0: SINGLE (Groundball, 4MD)
Batting: RHB Sixto Vélez 0-0: Ball
1-0: Swinging Strike
1-1: Ball
2-1: Fly out, F1 (Line Drive, 13)
Batting: SHB Anastasio Ortíz 0-0: Fly out, F8 (Flyball, 8LD)
Bottom of the 6th over - 0 run(s), 1 hit(s), 0 error(s), 1 left on base; Fresno 7 - El Dorado 2
TOP OF THE 7TH
Fresno Deplorables batting - Pitching for El Dorado Oilers : RHP Pete Cook
Batting: LHB Keith Beard 0-0: Ground out 4-3 (Groundball, 4S)
Batting: LHB Nick Scott 0-0: Swinging Strike
0-1: Ball
1-1: Ball
2-1: Foul Ball, location: 2F
2-2: Foul Ball, location: 2F
2-2: Ball
3-2: Base on Balls
Batting: RHB Jim Edgar 0-0: Ball
1-0: Swinging Strike
1-1: Ball
2-1: Foul Ball, location: 2F
2-2: Ball
3-2: Ground out 4-3 (Groundball, 4)
Nick Scott to second
Batting: RHB R.J. Parker 0-0: Called Strike
0-1: Ball
1-1: Foul Ball, location: 2F
1-2: Foul Ball, location: 2F
1-2: Strikes out looking
Top of the 7th over - 0 run(s), 0 hit(s), 0 error(s), 1 left on base; Fresno 7 - El Dorado 2
BOTTOM OF THE 7TH
El Dorado Oilers batting - Pitching for Fresno Deplorables : RHP Dionisio Penni
Batting: RHB José Carlos Caraballo 0-0: Called Strike
0-1: Fly out, F9 (Flyball, 9S)
Pitching: RHP Butch Ramey
Batting: RHB Chris Parker 0-0: Ball
1-0: Called Strike
1-1: Fly out, F9 (Flyball, 9LM)
Batting: RHB José Montoya 0-0: Called Strike
0-1: Ball
1-1: Ball
2-1: DOUBLE (Line Drive, 7LM)
Batting: LHB Ashley Pickhills 0-0: Foul Ball, location: 2F
0-1: Ball
1-1: Ground out 2-3 (Groundball, 15S)
Bottom of the 7th over - 0 run(s), 1 hit(s), 0 error(s), 1 left on base; Fresno 7 - El Dorado 2
TOP OF THE 8TH
Fresno Deplorables batting - Pitching for El Dorado Oilers : RHP Pete Cook
Batting: LHB Jeff Doss 0-0: Ground out 4-3 (Groundball, 4)
Batting: RHB Dani Vázquez 0-0: Ball
1-0: Swinging Strike
1-1: SINGLE (Groundball, 56S) (infield hit)
Batting: LHB Paul Mullins 0-0: Ball
1-0: Swinging Strike
1-1: Ball
2-1: Ball
3-1: Base on Balls
Dani Vázquez to second
Batting: LHB Jeff Daniels 0-0: Ball
1-0: Ball
2-0: Called Strike
2-1: Swinging Strike
2-2: Ball
3-2: Base on Balls
Dani Vázquez to third
Paul Mullins to second
Batting: RHB Paco Arellano 0-0: Ball
1-0: Ball
2-0: Foul Ball, location: 2F
2-1: Grounds into double play, 1-2-3 (Groundball, 13S)
Top of the 8th over - 0 run(s), 1 hit(s), 0 error(s), 2 left on base; Fresno 7 - El Dorado 2
BOTTOM OF THE 8TH
El Dorado Oilers batting - Pitching for Fresno Deplorables : RHP Butch Ramey
Batting: LHB Al Gaines 0-0: Ball
1-0: Ball
2-0: Swinging Strike
2-1: Called Strike
2-2: Strikes out swinging
Batting: RHB Valentín Borges 0-0: Ball
1-0: Foul Ball, location: 2F
1-1: DOUBLE (Line Drive, 9LM)
Batting: LHB José Hernández 0-0: Foul Ball, location: 2F
0-1: Ground out U3 (Groundball, 3L)
Valentín Borges to third
Batting: RHB Sixto Vélez 0-0: Fly out, F7 (Flyball, 7)
Bottom of the 8th over - 0 run(s), 1 hit(s), 0 error(s), 1 left on base; Fresno 7 - El Dorado 2
TOP OF THE 9TH
Fresno Deplorables batting - Pitching for El Dorado Oilers : RHP Pete Cook
Batting: LHB Keith Beard 0-0: Ball
1-0: Called Strike
1-1: Ball
2-1: Ball
3-1: Base on Balls
Batting: LHB Nick Scott 0-0: Ball
1-0: Called Strike
1-1: Ball
2-1: Called Strike
2-2: Foul Ball, location: 2F
2-2: Strikes out swinging
Pitching: RHP Ken Lyons
Batting: RHB Jim Edgar 0-0: Called Strike
0-1: Called Strike
0-2: Ball
1-2: Strikes out swinging
Batting: RHB R.J. Parker 0-0: Called Strike
0-1: Ball
1-1: SINGLE (Flyball, 89S)
Keith Beard to second
Throwing error, E9
Keith Beard scores
R.J. Parker to second
Batting: LHB Jeff Doss 0-0: Foul Ball, location: 2F
0-1: Ball
1-1: Ground out 4-3 (Groundball, 4)
Top of the 9th over - 1 run(s), 1 hit(s), 1 error(s), 1 left on base; Fresno 8 - El Dorado 2
BOTTOM OF THE 9TH
El Dorado Oilers batting - Pitching for Fresno Deplorables : RHP Butch Ramey
Batting: SHB Anastasio Ortíz 0-0: Ball
1-0: Fly out, F9 (Flyball, 89M)
Batting: RHB José Carlos Caraballo 0-0: Ball
1-0: Foul Ball, location: 2F
1-1: Foul Ball, location: 2F
1-2: Strikes out swinging
Batting: RHB Chris Parker 0-0: Foul Ball, location: 2F
0-1: Ground out 3-1 (Groundball, 3S)
Bottom of the 9th over - 0 run(s), 0 hit(s), 0 error(s), 0 left on base; Fresno 8 - El Dorado 2
Tuesday, August 8th, 2017 - OOTP Baseball 17.12 Build 75